 Dungeon Crawl Stone Soup version 0.27-a0-808-g60bc5d92e6 (webtiles) character file.

Game seed: 16806774068288226350

225 wakim the Stinger (level 6, -4/36 HPs)
             Began as an Octopode Venom Mage on Mar 28, 2021.
             Killed from afar by Blork the orc (11 damage)
             ... with a puff of flame
             ... on level 4 of the Dungeon.
             The game lasted 00:11:09 (3639 turns).

wakim the Stinger (Octopode Venom Mage)             Turns: 3639, Time: 00:11:10

Health: -4/36      AC:  1    Str:  7    XL:     6   Next: 1%
Magic:  3/10       EV: 13    Int: 19    God:
Gold:   99         SH:  0    Dex: 13    Spells: 1/11 levels left

rFire    . . .     SeeInvis .   a - +2 dagger (elec) {short}
rCold    . . .     Faith    .   (no shield)
rNeg     . . .     Spirit   .   (helmet restricted)
rPois    .         Reflect  .   (no amulet)
rElec    .         Harm     .   (no ring)
rCorr    .         Rampage  .   (no ring)
Will     .....                  (no ring)
Stlth    +++.......             (no ring)
HPRegen  0.12/turn              (no ring)
MPRegen  0.12/turn              (no ring)
                                (no ring)
                                (no ring)

@: no status effects
A: almost no armour, amphibious, 8 rings, camouflage 1, gelatinous body 1,
(nimble swimmer 1), tentacles
a: no special abilities


You were on level 4 of the Dungeon.
You visited 1 branch of the dungeon, and saw 4 of its levels.

You collected 99 gold pieces.


Innate Abilities, Weirdness & Mutations

You cannot wear most types of armour.
You are amphibious.
You can wear up to eight rings at the same time.
Your skin changes colour to match your surroundings (Stealth+).
Your rubbery body absorbs attacks. (AC +1, EV +1)
((You are camouflaged near water. (Stealth+)))
You have tentacles for arms and can constrict up to eight enemies at once.


   Skills:
 + Level 2.3 Dodging
 - Level 2.6 Stealth
 - Level 3.0 Spellcasting
 - Level 1.0 Transmutations
 * Level 7.0 Poison Magic


You had one spell level left.
You knew the following spells:

 Your Spells              Type           Power      Damage    Failure   Level
a - Sting                 Tmut/Pois      72%        1d6       3%          1
g - Ignite Poison         Fire/Tmut/Pois 13%        N/A       16%         3
s - Poisonous Vapours     Pois/Air       32%        N/A       5%          2
w - Olgreb's Toxic Radia  Pois           29%        N/A       9%          4

Your spell library contained the following spells:

 Spells                   Type           Power      Damage    Failure   Level
 Magic Dart               Conj           8%         1d3       16%         1
 Summon Small Mammal      Summ           8%         N/A       16%         1
 Mephitic Cloud           Conj/Pois/Air  11%        N/A       17%         3
 Call Imp                 Summ           2%         N/A       22%         2
 Searing Ray              Conj           4%         3d3       22%         2
 Call Canine Familiar     Summ           2%         N/A       41%         3
 Dazzling Flash           Conj/Hex       4%         N/A       41%         3
 Summon Guardian Golem    Hex/Summ       2%         N/A       41%         3
 Fulminant Prism          Conj/Hex       1%         3d6       83%         4
 Iskenderun's Mystic Bla  Conj/Tloc      2%         2d3       83%         4
 Summon Ice Beast         Ice/Summ       2%         N/A       83%         4
 Summon Lightning Spire   Summ/Air       2%         N/A       83%         4

Inventory:

Hand Weapons
 a - a +2 dagger of electrocution (weapon) {short}
   (You took it off a kobold on level 1 of the Dungeon)
 b - a +0 hunting sling {sling}
   (You found it on level 3 of the Dungeon)
Missiles
 c - 26 arrows
 d - 11 bolts
 e - 39 sling bullets
 g - 18 poisoned darts {throwing}
Scrolls
 r - a scroll of identify {@r1}
 U - a scroll of fear
Potions
 f - a potion of mutation {unknown}
 i - a potion of heal wounds {unknown}
 G - a potion of flight
 N - a potion of might
 O - a potion of resistance

Dungeon Overview and Level Annotations

Branches:
Dungeon (4/15)
 Temple: D:4-7

Altars:
Okawaru

Annotations:
D:4 Blork the orc

...........).#.....
.............#.....
.##.....##..####.##
#.....##########
#............... #
#............... #.
#.....##..######
#..##.....##..#######
#)..@......o.<.......
#....................
#..#########..##.###.
#.. #####.# #.
#........> #.
#..o...... .
#......... ..
#.....##+# .......#


You could see Blork the orc.


Message History

Your magical contamination has completely faded away.
Unknown command.
You open the door.
A centaur zombie comes into view. 😎 MP[+7]
Your mp is fully restored (9).
The centaur zombie cannot be affected by poisonous vapours!
There is an open door here.
You hit the centaur zombie. The centaur zombie barely misses you.
The centaur zombie kicks you. 😕 HP[-1]
You take 1 damage, and now have 30/31 hp.
You barely miss the centaur zombie. You squeeze the centaur zombie!
The centaur zombie completely misses you.
The centaur zombie closely misses you.
You hit the centaur zombie. You squeeze the centaur zombie.
The centaur zombie completely misses you.
The centaur zombie misses you. 😎 HP[+1]
Your hp is fully restored (31).
You hit the centaur zombie.
Lightning courses through the centaur zombie!
You destroy the centaur zombie!
Your Poison Magic skill increases to level 7!
You have reached level 6!
Your experience leads to an increase in your attributes!
Increase (S)trength, (I)ntelligence, or (D)exterity?
You feel clever. 😎 HP[+5] MP[+1]
You now have 36 max hp (+5).
Your hp is fully restored (36).
Your mp is fully restored (10).
r - a scroll of identify {@r1} You open the door.
A kobold comes into view.
It is wielding a +0 dagger and quivering poisoned darts.
The kobold throws a poisoned dart.
The poisoned dart misses you.
Poisonous vapours surround the kobold!
The kobold is engulfed in poison gas.
The kobold is poisoned.
You kill the kobold! 😎 MP[-2]
You lost 2 mp, and now have 8/10 mp.
There is an open door here.
g - 18 poisoned darts {throwing} (gained 8)
You see here a +0 dagger {short}. 😎 MP[+2]
Your mp is fully restored (10).
You pick up a book of Callings and begin reading...
You add the spells Summon Small Mammal, Call Imp, Call Canine Familiar, Summon Guardian Golem, Summon Lightning Spire and Summon Ice Beast to your library.
Blork the orc comes into view.
He is wielding a +0 scimitar and carrying a wand of flame (12).
Casting: Poisonous Vapours (safe; 5% risk of failure)
Confirm with . or Enter, or press ? or * to list all spells.
The spell is quite dangerous to cast (9% risk of failure)!
Continue anyway?
You begin to radiate toxic energy.
Blork the orc shouts!
Blork the orc is poisoned. 😎 MP[-4]
You lost 4 mp, and now have 6/10 mp.
Casting: Olgreb's Toxic Radiance (quite dangerous; 9% risk of failure)
Confirm with . or Enter, or press ? or * to list all spells.
Aiming: Poisonous Vapours (safe; 5% risk of failure)
Press: ? - help, Dir - move target, f - Blork the orc
Aim: Blork the orc, wielding a +0 scimitar, wearing a +0 robe and carrying a wand of flame (12) (lightly wounded, poisoned) Poisonous vapours surround Blork the orc!
Blork the orc looks even sicker.
Your toxic aura wanes. 😎 MP[-2]
You lost 2 mp, and now have 4/10 mp.
Casting: Poisonous Vapours (safe; 5% risk of failure)
Confirm with . or Enter, or press ? or * to list all spells.
The spell is quite dangerous to cast (16% risk of failure)!
Continue anyway?
You miscast Ignite Poison.
You are very lightly contaminated with residual magic.
Nothing appears to happen. 😎 MP[-3]
You lost 3 mp, and now have 1/10 mp.
There is a stone staircase leading up here.
Blork the orc zaps a wand.
The puff of flame hits you! 😮 HP[-11] MP[+1]
You take 11 damage, and now have 25/36 hp.
MASSIVE DAMAGE!! (PAUSE)
Your magical contamination has completely faded away.
Blork the orc casts a spell at you. The puff of flame misses you.
Blork the orc zaps a wand.
The puff of flame hits you!
* * * LOW HITPOINT WARNING * * *
😨 HP[-10]
You take 10 damage, and now have 15/36 hp.
MASSIVE DAMAGE!! (PAUSE) Blork the orc zaps a wand.
The puff of flame hits you!
* * * LOW HITPOINT WARNING * * *
😱 HP[-9]
You take 9 damage, and now have 6/36 hp.
MASSIVE DAMAGE!! (PAUSE) 😱 HP[+1]
There is a stone staircase leading up here.
Blork the orc zaps a wand.
The puff of flame hits you!
You die...

Skill      XL: |  1  2  3  4  5 |
---------------+----------------+-----
Poison Magic   | 4 5 6 7 |  7.0
Spellcasting   | 3 |  3.0
Dodging        | |  2.3
Stealth        | |  2.6
Transmutations | |  1.0

Action                   |  1- 3 |  4- 6 || total
-------------------------+-------+-------++-------
Melee: Constrict         |     4 |     2 ||     6
       Unarmed           |     1 |       ||     1
       Tentacles         |     3 |     2 ||     5
       Whip              |     1 |       ||     1
       Dagger            |    27 |    16 ||    43
 Fire: Hunting sling     |       |     3 ||     3
Throw: Dart              |     8 |     1 ||     9
 Cast: Sting             |    10 |     2 ||    12
       Poisonous Vapours |    17 |    25 ||    42
       Olgreb's Toxic Ra |       |     3 ||     3
  Use: Scroll            |     2 |     4 ||     6
 Stab: Sleeping          |    10 |     1 ||    11
Armor: Skin              |     4 |       ||     4
Dodge: Dodged            |    12 |    15 ||    27

Levels and vault maps discovered:
D:1:      nicolae_arrival_memento_mori, layout_loops_cross
D:2:      layout_loops_cross
D:3:      layout_loops_ring, lemuel_doored_altar
D:4:      layout_gridville, kennysheep_mini_moat, makhleb_altar_promises_db,
          uniq_blork_the_orc, uniq_robin

Notes
Turn   | Place    | Note
-------+----------+-------------------------------------------
     0 | D:1      | wakim the Octopode Venom Mage began the quest for the Orb.
     0 | D:1      | Reached XP level 1. HP: 11/11 MP: 3/3
     0 | D:1      | magus.rc [v1.9.6]
   173 | D:1      | Reached skill level 4 in Poison Magic
   220 | D:1      | Reached XP level 2. HP: 16/17 MP: 3/5
   363 | D:1      | Learned a level 2 spell: Poisonous Vapours
   563 | D:1      | Reached XP level 3. HP: 21/21 MP: 3/6
  1237 | D:2      | Reached skill level 5 in Poison Magic
  1531 | D:2      | Reached XP level 4. HP: 27/27 MP: 8/8
  2116 | D:3      | Reached skill level 3 in Spellcasting
  2116 | D:3      | Reached skill level 6 in Poison Magic
  2116 | D:3      | Reached XP level 5. HP: 12/31 MP: 4/9
  2122 | D:3      | HP: 4/31 [something/magic dart (9)]
  2158 | D:3      | Learned a level 4 spell: Olgreb's Toxic Radiance
  2162 | D:3      | Learned a level 3 spell: Ignite Poison
  3159 | D:3      | You pick up a book of Conjurations {@e2} and begin
                  | reading...
  3159 | D:3      | You add the spells Magic Dart, Searing Ray, Dazzling Flash,
                  | Fulminant Prism and Iskenderun's Mystic Blast to your
                  | library.
  3392 | D:3      | Found an iron altar of Okawaru.
  3571 | D:4      | Reached skill level 7 in Poison Magic
  3571 | D:4      | Reached XP level 6. HP: 36/36 MP: 10/10
  3616 | D:4      | You pick up a book of Callings and begin reading...
  3616 | D:4      | You add the spells Summon Small Mammal, Call Imp, Call
                  | Canine Familiar, Summon Guardian Golem, Summon Lightning
                  | Spire and Summon Ice Beast to your library.
  3622 | D:4      | Noticed Blork the orc
  3635 | D:4      | HP: 6/36 [Blork the orc/puff of flame (9)]
  3639 | D:4      | Killed from afar by Blork the orc

Vanquished Creatures
  A centaur zombie (D:4)
  3 orc wizards (D:3)
  A gnoll (D:1)
  3 adders
  A white imp (D:3)
  2 worms (D:2)
  2 dart slugs
  3 orcs (D:3)
  6 ball pythons
  7 endoplasms
  2 giant cockroaches (D:1)
  4 goblins
  2 hobgoblins
  4 jackals
  5 kobolds
  4 quokkas
  6 bats
  6 frilled lizards
  3 rats
65 creatures vanquished.

Table legend:
 A = Non-vault XP
 B = Vault XP
 C = Vault XP percentage of total XP
 D = Non-vault monster count
 E = Vault monster count
 F = Vault count percentage of total count
                 A         B        C        D         E       F
            +---------+---------+-------+---------+---------+-------
      Total |     322 |       0 |   0.0 |      65 |       0 |   0.0
            +---------+---------+-------+---------+---------+-------
        D:1 |      53 |       0 |   0.0 |      24 |       0 |   0.0
        D:2 |      36 |       0 |   0.0 |      18 |       0 |   0.0
        D:3 |     174 |       0 |   0.0 |      19 |       0 |   0.0
        D:4 |      59 |       0 |   0.0 |       4 |       0 |   0.0
            +---------+---------+-------+---------+---------+-------

Illustrated notes

Table legend:
 A = Kills in this place as a percentage of kills in entire the game.
 B = Kills by you in this place as a percentage of kills by you in the entire game.
 C = Kills by friends in this place as a percentage of kills by friends in the entire game.
 D = Other kills in this place as a percentage of other kills in the entire game.
 E = Experience gained in this place as a percentage of experience gained in the entire game.
 F = Experience gained in this place divided by the number of levels of this place that you have seen.
                   A       B       C       D       E      F
               +-------+-------+-------+-------+-------+----------------------
         Total | 100.0 | 100.0 |   N/A |   N/A | 100.0 |  80.5
       Dungeon | 100.0 | 100.0 |   N/A |   N/A | 100.0 |  80.5
               +-------+-------+-------+-------+-------+----------------------

Table legend: (Time is in decaauts)
 A = Elapsed time spent in this place.
 B = Non-inter-level travel time spent in this place.
 C = Inter-level travel time spent in this place.
 D = Time resting spent in this place.
 E = Time spent auto-exploring this place.
 F = Levels seen in this place.
 G = Mean time per level.
                   A        B        C        D        E       F      G
               +--------+--------+--------+--------+--------+-----+--------+
         Total |   3637 |   3538 |     99 |      4 |   2972 |   4 |  909.2 |
       Dungeon |   3637 |   3538 |     99 |      4 |   2972 |   4 |  909.2 |
               +--------+--------+--------+--------+--------+-----+--------+

Top non-repeatable levels by time:
     D:3: 1574 daAuts
     D:1: 1039 daAuts
     D:2: 873 daAuts
     D:4: 149 daAuts
